 Dungeon Crawl Stone Soup version 0.14-a0-2964-g8dc6adb (webtiles) character file.

72954 4tharraofdagon the Cleaver (level 14, -2/124 HPs)
             Began as a Centaur Hunter on Mar 5, 2014.
             Was the Champion of Dithmenos.
             Killed by divine providence
             ... invoked by Norris
              (12 damage)
             ... on Level 3 of the Elven Halls.
             The game lasted 02:02:36 (15435 turns).

4tharraofdagon the Cleaver (Centaur Hunter)        Turns: 15435, Time: 02:02:37

HP  -2/124       AC 32     Str 19      XL: 14   Next: 98%
MP  25/25        EV  3     Int  3 (13) God: Dithmenos [******]
Gold 1247        SH  0     Dex  9      Spells:  1 memorised, 20 levels left

rFire  + . .     SeeInvis .     d - +2 battleaxe (freeze)
rCold  . . .     Clarity  .     Z - +3 orc chain mail
rNeg   . . .     Conserve .     (no shield)
rPois  .         rCorr    .     i - +2 hat {Int+3}
rElec  .         rRot     .     Y - +2 cloak {+Inv}
SustAb . .       Spirit   .     z - +0 pair of gloves of the Abyss {rF+}
rMut   .         Warding  .     S - +0 centaur barding
Gourm  +         Stasis   .     s - amulet of the gourmand
MR     +....                    r - +3 ring of protection
                                M - ring of regeneration

@: wreathed by umbra, very quick, somewhat resistant to hostile enchantments,
extremely unstealthy
A: hooves 3, horns 1, iridescent scales 1, blurry vision 1, deformed body,
deterioration 1, herbivore 1, speed 2, fast metabolism 1, slow healing 1, tough
skin 3, weak 1
a: Shadow Step, Shadow Form, Renounce Religion, Evoke Invisibility


You were on level 3 of the Elven Halls.
You worshipped Dithmenos.
Dithmenos was exalted by your worship.
You were very full.

You visited 5 branches of the dungeon, and saw 32 of its levels.
You also visited: Labyrinth, Ossuary, Bailey and Ice Cave.

You collected 2669 gold pieces.
You spent 1422 gold pieces at shops.

Inventory:

Hand weapons
 b - a +1,+2 crossbow
 d - a +2,+2 battleaxe of freezing (weapon)
 G - a +3,+4 executioner's axe
 J - the +3,+3 Elemental Staff {rElec rF++ rC++ MR++ AC+5}
   (You found it on level 8 of the Lair of Beasts)

   It affects your AC (+5).
   It greatly protects you from fire.
   It greatly protects you from cold.
   It insulates you from electricity.
   It affects your resistance to hostile enchantments.
 N - a +0 blowgun
Missiles
 c - 67 bolts
 R - 9 curare-tipped needles
 U - 8 arrows of frost
Armour
 i - a +2 hat of intelligence (worn)
 k - a +2 large shield of cold resistance
 z - the cursed +0 pair of gloves of the Abyss (worn) {rF+}
   (You bought it in a shop on level 4 of the Orcish Mines)

   It protects you from fire.
   It has a curse placed upon it.
 S - a +0 centaur barding (worn)
 Y - a +2 cloak of darkness (worn)
 Z - a +3 orcish chain mail (worn)
Magical devices
 e - a wand of paralysis (8)
 m - a wand of teleportation (3)
 n - a wand of cold (7)
 u - a wand of cold (7)
 H - a wand of draining (2)
 K - a wand of draining (1)
 L - a wand of digging (15)
 X - a wand of lightning (4)
Comestibles
 f - 8 bread rations
 t - 3 meat rations
 W - 9 slices of pizza
Scrolls
 j - 2 scrolls of noise
 o - 3 scrolls of recharging
 v - 2 scrolls of fear
 C - a scroll of magic mapping
 D - 2 scrolls of blinking
 F - 6 scrolls of remove curse
 Q - 2 scrolls of enchant armour
 T - 3 scrolls of vulnerability
Jewellery
 g - an uncursed amulet of conservation
 l - an uncursed ring of teleportation
 q - an uncursed ring of flight
 r - a +3 ring of protection (right hand)
 s - an amulet of the gourmand (around neck)
 x - an uncursed ring of protection from cold
 y - an uncursed ring of poison resistance
 A - an uncursed ring of wizardry
 B - an uncursed ring of protection from cold
 M - a ring of regeneration (left hand)
Potions
 h - 5 potions of resistance
 p - 3 potions of restore abilities
 w - 2 potions of curing
 E - 3 potions of brilliance
 I - 4 potions of might
Books
 O - a book of Dreams

   Spells                             Type                      Level
   Ensorcelled Hibernation            Hexes/Ice                    2
   *Flight                            Charms/Air                   3
   Phase Shift                        Translocation                5
   Shadow Creatures                   Summoning                    5
   Mass Confusion                     Hexes                        6
   Darkness                           Hexes                        7
Miscellaneous
 a - a phial of floods (inert)
 P - a phial of floods


   Skills:
 + Level 11.3 Fighting
 * Level 13.1 Axes
 - Level 11.1 Crossbows
 + Level 9.0 Armour
 - Level 1.3 Dodging
 - Level 0.5 Stealth
 - Level 5.3 Spellcasting
 - Level 3.8 Charms
 + Level 5.7 Invocations
 - Level 9.0 Evocations


You had 20 spell levels left.
You knew the following spells:

 Your Spells              Type           Power        Failure   Level  Hunger
a - Flight                Chrm/Air       #.........   100%        3    ####...


Dungeon Overview and Level Annotations

Branches:
Dungeon (16/16)            Temple (1/1) D:7             Orc (4/4) D:10
    Elf (3/3) Orc:4          Lair (8/8) D:8           Swamp (0/5) Lair:4
  Snake (0/5) Lair:6       Vaults (0/5) D:15
  Slime: Lair:6-8    Depths: D:16

Altars:
Ashenzari
Cheibriados
Dithmenos
Elyvilon
Fedhas
Kikubaaqudgha
Makhleb
Nemelex Xobeh
Okawaru
Sif Muna
Trog
Vehumet
Yredelemnul
Zin
The Shining One

Shops:
D:4 =   D:11 }   Orc:2 =   Orc:4 *:([   Elf:3 }

Annotations:
D:5 Sigmund
D:15 Kirke
Orc:2 Fannar
Elf:3 Norris
Lair:2 CLOAK
Lair:6 exclusion: upstairs
Lair:8 exclusion: upstairs


Innate Abilities, Weirdness & Mutations

You have hooves in place of feet.
Armour fits poorly on your strangely shaped body.
You digest meat inefficiently.
You cover ground very quickly.
You have a fast metabolism.
You have extremely tough skin (AC +3).
You have a pair of small horns on your head.
You are partially covered in iridescent scales (AC +4).
Your vision is a little blurry.
Your body is slowly deteriorating.
You heal slowly when monsters are visible.
You are weak. (Str -2)


Message History

Norris hits you with a long sword of electrocution!
You are electrocuted!
* * * LOW HITPOINT WARNING * * *
Unknown command.
You slash Norris! You freeze Norris.
Norris is almost dead.
Norris hits you with a long sword of electrocution!
* * * LOW HITPOINT WARNING * * *
Unknown command.
Unknown command.
Unknown command.
Unknown command.
Evoke which item? (* to show all) (? for menu, Esc to quit)
Zapping:
n - a wand of cold (8)
Press: ? - help, Shift-Dir - straight line, f - Norris
Aim: Norris, wielding a long sword of electrocution (black smoke, almost dead, unusually agile, umbra)
The bolt of cold misses Norris.
This wand has 7 charges left.
Norris gestures at you while chanting. Something smites you!
You die...

#..#######.####e.............
#.......<...))'.............#
############.##............##
##.####..........## ##.##
##........## #§## ##......##
#.#@## ######## ####§## ##@#
###


You could see Norris.

Vanquished Creatures
  An orc warlord (Orc:4)
  A deep elf demonologist (Elf:3)
  A deep elf annihilator (Elf:1)
  A minotaur (Lab)
  Nessos (D:15)
  11 death yaks
  A deep troll shaman (Lair:8)
  Urug (Orc:3)
  A centaur warrior (D:14)
  3 orc high priests (Orc:4)
  3 catoblepae
  A deep elf knight (Elf:1)
  2 unseen horrors
  An orb spider (shapeshifter) (D:15)
  4 hill giants
  Pikel (D:8)
  A lindwurm (Lair:8)
  4 orc knights
  A deep elf conjurer (Elf:1)
  6 orc sorcerers (Orc:4)
  Maurice (D:12)
  11 elephants (Lair:8)
  2 cyclopes
  2 feature mimics
  An octopode (D:13)
  An item mimic (D:12)
  A centaur zombie (D:11)
  3 black mambas
  10 spiny frogs
  A troll (D:11)
  3 fire drakes
  6 komodo dragons
  A hydra zombie (D:14)
  2 wandering mushrooms (Lab)
  2 two-headed ogres
  3 blink frogs (Lair:1)
  12 polar bears
  2 ravens (Lair:5)
  2 jumping spiders (shapeshifter)
  A griffon zombie (D:14)
  A slime creature (D:14)
  A grizzly bear (Lair:8)
  5 ugly things (D:13)
  A basilisk (Lair:4)
  A wyvern (Lair:7)
  A trapdoor spider (Lab)
  28 yaks
  Eustachio (D:7)
  5 deep elf magi
  A water elemental (D:13)
  A shadow (D:14)
  2 vampire mosquitoes (D:14)
  5 deep elf fighters
  2 gargoyles (Lab)
  2 neqoxecs
  5 hippogriffs
  2 wraiths (D:11)
  6 hungry ghosts
  2 sharks (Lair:2)
  A yak (shapeshifter) (D:14)
  41 wolves
  Edmund (D:9)
  Menkaure (D:5)
  6 porcupines
  A soldier ant (D:11)
  A mottled dragon (D:14)
  9 ice beasts
  A griffon simulacrum (D:13)
  24 orc warriors
  2 black bears
  A slave (D:8)
  5 ogres
  4 sky beasts
  3 big kobolds
  9 crocodiles
  5 centaurs
  2 elf zombies (D:5)
  7 giant frogs
  6 wargs
  9 giant slugs
  6 water moccasins
  Blork the orc (Orc:1)
  A gnoll sergeant (D:10)
  A cyclops zombie (D:14)
  11 killer bees
  An eye of draining (D:7)
  An orc simulacrum (D:13)
  18 wights
  4 goliath beetles
  3 crimson imps
  8 hounds
  13 orc wizards
  A big fish (Lair:2)
  7 human zombies
  22 orc priests
  2 jellies
  4 scorpions
  A giant frog skeleton (D:11)
  2 human skeletons (D:5)
  A two-headed ogre skeleton (D:10)
  4 iguanas
  13 sheep
  12 worker ants
  A troll simulacrum (D:13)
  A mottled dragon skeleton (D:14)
  A hound zombie (D:11)
  4 mummies
  16 adders
  5 gnolls
  4 giant mites
  21 green rats
  A white imp (D:13)
  3 worms
  4 giant geckos
  163 orcs
  3 giant cockroaches (D:1)
  2 gnoll zombies (Ossuary)
  9 goblins
  13 hobgoblins
  11 jackals
  8 quokkas
  A ball python (D:4)
  15 bats
  A giant newt (D:1)
  A goblin zombie (Orc:4)
  17 kobolds
  3 orc skeletons
  5 orc zombies
  13 rats
  A butterfly (Lair:7)
  6 fungi
  4 plants
798 creatures vanquished.

Vanquished Creatures (collateral kills)
  Maud (Lair:6)
  Erica (D:12)
  Joseph (D:10)
  A gnoll (D:10)
4 creatures vanquished.

Vanquished Creatures (others)
  An orc (D:8)
  5 fungi
  A plant (Lair:7)
7 creatures vanquished.

Grand Total: 809 creatures vanquished

Notes
Turn   | Place    | Note
--------------------------------------------------------------
     0 | D:1      | 4tharraofdagon, the Centaur Hunter, began the quest for the Orb.
     0 | D:1      | Reached XP level 1. HP: 16/16 MP: 1/1
   130 | D:1      | Reached XP level 2. HP: 5/23 MP: 2/2
   132 | D:1      | Reached skill level 5 in Crossbows
   412 | D:3      | Reached XP level 3. HP: 20/28 MP: 3/3
   413 | D:3      | Reached skill level 6 in Crossbows
   468 | D:4      | Reached XP level 4. HP: 26/35 MP: 3/3
   512 | D:4      | Found Frabli's Jewellery Shoppe.
   583 | D:5      | Entered Level 5 of the Dungeon
   679 | D:5      | Noticed a sky beast
   700 | D:5      | Killed a sky beast
   700 | D:5      | Reached skill level 7 in Crossbows
   700 | D:5      | Reached XP level 5. HP: 40/40 MP: 4/4
   795 | D:5      | Reached skill level 1 in Armour
   800 | D:5      | Reached XP level 6. HP: 38/48 MP: 3/5
   907 | D:5      | Found a sand-covered staircase.
   919 | Ossuary  | Entered an ossuary
  1199 | D:5      | Reached skill level 8 in Crossbows
  1199 | D:5      | Reached XP level 7. HP: 54/56 MP: 4/5
  1284 | D:5      | Noticed Menkaure
  1288 | D:5      | Killed Menkaure
  1403 | D:5      | Noticed Sigmund
  1449 | D:7      | Noticed Eustachio
  1454 | D:7      | Killed Eustachio
  1596 | D:7      | Reached skill level 9 in Crossbows
  1752 | D:7      | Got a shimmering short sword
  1753 | D:7      | Identified the cursed +0,+3 short sword of Night {pain, rPois rN+} (You found it on level 7 of the Dungeon)
  1759 | D:7      | Found a staircase to the Ecumenical Temple.
  1768 | Temple   | Entered the Ecumenical Temple
  1794 | Temple   | Became a worshipper of Dithmenos
  1920 | D:7      | Reached XP level 8. HP: 51/66 MP: 4/6
  2165 | D:7      | Found a glowing golden altar of the Shining One.
  2194 | D:8      | Found a snail-covered altar of Cheibriados.
  2196 | D:8      | Found a deep blue altar of Sif Muna.
  2235 | D:8      | Found an ancient bone altar of Kikubaaqudgha.
  2236 | D:8      | Found a shattered altar of Ashenzari.
  2236 | D:8      | Found a sparkling altar of Nemelex Xobeh.
  2241 | D:8      | Found a white marble altar of Elyvilon.
  2363 | D:8      | Noticed Pikel
  2387 | D:8      | Killed Pikel
  2387 | D:8      | Reached skill level 10 in Crossbows
  2387 | D:8      | Reached skill level 1 in Spellcasting
  2549 | D:9      | Reached skill level 5 in Fighting
  2669 | D:9      | Noticed Edmund
  2685 | D:9      | Killed Edmund
  2685 | D:9      | Reached XP level 9. HP: 74/74 MP: 9/11
  2961 | D:10     | Entered Level 10 of the Dungeon
  3093 | D:11     | Noticed a hill giant
  3101 | D:11     | Killed a hill giant
  3101 | D:11     | Reached skill level 11 in Crossbows
  3101 | D:11     | Reached skill level 1 in Evocations
  3150 | D:10     | Found a blossoming altar of Fedhas.
  3172 | D:11     | Reached skill level 1 in Axes
  3244 | D:11     | Found Saing's Gadget Shop.
  3483 | D:11     | Reached XP level 10. HP: 75/83 MP: 15/15
  3620 | D:11     | Reached skill level 5 in Armour
  3701 | D:11     | Noticed a hill giant
  3728 | D:11     | Killed a hill giant
  3969 | D:11     | Found a basalt altar of Yredelemnul.
  3991 | D:11     | Reached skill level 5 in Axes
  4079 | D:11     | You fall through a shaft for 3 floors!
  4152 | D:13     | Noticed a death yak
  4174 | D:13     | Killed a death yak
  4295 | D:13     | Found a flagged portal.
  4304 | Bailey   | Entered a bailey
  4383 | Bailey   | Acquired Dithmenos' first power
  4386 | Bailey   | Found a bloodstained altar of Trog.
  4386 | Bailey   | Noticed an orc knight
  4462 | Bailey   | Killed an orc knight
  4462 | Bailey   | Reached XP level 11. HP: 50/92 MP: 11/20
  4622 | D:13     | Found a frozen archway.
  4658 | IceCv    | Entered an ice cave
  4853 | IceCv    | Reached skill level 5 in Evocations
  5048 | IceCv    | Noticed a death yak
  5067 | IceCv    | Killed a death yak
  5371 | IceCv    | Noticed an ice statue
  5574 | D:12     | Noticed a hill giant
  5577 | D:12     | Noticed Erica
  5593 | D:11     | Gained mutation: You are partially covered in iridescent scales (AC +4). [potion of beneficial mutation]
  5632 | D:11     | Bought a wand of teleportation (4) for 408 gold pieces
  5709 | D:12     | Reached skill level 5 in Spellcasting
  5820 | D:12     | Acquired Dithmenos' second power
  5828 | D:12     | Killed Erica
  5845 | D:12     | Noticed Maurice
  5859 | D:12     | Killed Maurice
  5962 | D:12     | Killed a hill giant
  5962 | D:12     | Reached XP level 12. HP: 85/103 MP: 17/23
  6095 | D:12     | Noticed a hill giant
  6108 | D:12     | Killed a hill giant
  6310 | D:13     | Killed an unseen horror
  6378 | D:13     | Noticed an octopode
  6392 | D:13     | Killed an octopode
  6480 | D:15     | Entered Level 15 of the Dungeon
  6714 | D:15     | Found a labyrinth entrance.
  6735 | Lab      | Entered a labyrinth
  6821 | Lab      | WTF
  7422 | Lab      | WTF
  7700 | Lab      | Noticed a minotaur
  7719 | Lab      | Killed a minotaur
  7742 | Lab      | LORD OF TRASH vol.41
  7814 | D:16     | Entered Level 16 of the Dungeon
  7850 | D:15     | Noticed Nessos
  7869 | D:15     | Killed Nessos
  7929 | D:15     | Found a gate to the Vaults.
  7929 | D:15     | Noticed a vault guard
  7929 | D:15     | Noticed a vault guard
  7929 | D:15     | Noticed a vault guard
  7929 | D:15     | Noticed a vault guard
  7929 | D:15     | Noticed a vault guard
  7958 | D:15     | Noticed Kirke
  7984 | D:15     | Noticed a vault guard
  8082 | D:14     | Noticed an anaconda
  8082 | D:14     | Noticed a stone giant
  8082 | D:14     | Noticed a sphinx
  8083 | D:14     | Noticed a yaktaur captain
  8083 | D:14     | an anaconda changed into an eye of devastation
  8084 | D:14     | Noticed an orc warlord
  8116 | D:14     | Noticed a cyclops
  8117 | D:14     | Noticed a centaur warrior
  8129 | D:14     | Killed a cyclops
  8141 | D:14     | Killed a centaur warrior
  8209 | D:14     | Killed an unseen horror
  8245 | D:14     | Noticed a catoblepas
  8247 | D:14     | Noticed a bone dragon
  8367 | D:13     | Acquired Dithmenos' third power
  8418 | D:13     | Learned a level 3 spell: Flight
  8518 | D:13     | Reached skill level 10 in Axes
  8537 | D:13     | Reached XP level 13. HP: 54/111 MP: 23/23
  8624 | D:11     | Gained mutation: You are partially covered in rugged brown scales (AC +1, +3% HP). [mutagenic meat]
  8625 | D:11     | Lost mutation: You are partially covered in rugged brown scales (AC +1, +3% HP). [mutagenic meat]
  8626 | D:11     | Gained mutation: You have a pair of small horns on your head. [mutagenic meat]
  8645 | D:10     | Noticed Joseph
  8654 | D:10     | Killed Joseph
  8656 | D:10     | Reached skill level 1 in Charms
  8798 | D:10     | Found a staircase to the Orcish Mines.
  9299 | D:8      | Found a glowing silver altar of Zin.
  9325 | D:8      | Found a staircase to the Lair.
  9337 | Lair:1   | Entered Level 1 of the Lair of Beasts
  9397 | Lair:1   | Acquired Dithmenos' fourth power
 10106 | Lair:4   | Found a staircase to the Swamp.
 10534 | Lair:6   | Found a staircase to the Snake Pit.
 10613 | Lair:6   | Noticed Maud
 10851 | Lair:6   | Reached skill level 10 in Fighting
 11165 | Lair:8   | Entered Level 8 of the Lair of Beasts
 11288 | Lair:8   | Reached skill level 1 in Invocations
 11447 | Lair:8   | Reached XP level 14. HP: 22/121 MP: 25/25
 12107 | Lair:8   | Reached skill level 12 in Axes
 12464 | Lair:7   | Gained mutation: Your body is slowly deteriorating. [potion of mutation]
 12464 | Lair:7   | Gained mutation: Your vision is a little blurry. [potion of mutation]
 12464 | Lair:7   | Gained mutation: You are weak. (Str -2) [potion of mutation]
 12465 | Lair:7   | :D
 12534 | Lair:6   | Killed Maud
 12648 | Lair:1   | Identified a scroll of acquirement
 12900 | Orc:1    | Entered Level 1 of the Orcish Mines
 13045 | Orc:1    | Noticed Blork the orc
 13056 | Orc:1    | Killed Blork the orc
 13472 | Orc:3    | Noticed Urug
 13488 | Orc:3    | Killed Urug
 13501 | Orc:2    | Found Smaisam's Jewellery Shop.
 13567 | Orc:2    | Bought a cursed -2 ring of evasion for 20 gold pieces
 13567 | Orc:2    | Bought a +1 ring of strength for 22 gold pieces
 13624 | Orc:2    | Noticed Fannar
 13647 | Orc:4    | Entered Level 4 of the Orcish Mines
 13714 | Orc:4    | Found Izxieg's General Store.
 13899 | Orc:4    | Found Twuwu's Antique Weapon Shop.
 14250 | Orc:4    | Gained mutation: You heal slowly when monsters are visible. [a neqoxec]
 14294 | Orc:4    | HP: 6/124 [soul eater[an orc high priest] (6)]
 14484 | Orc:4    | Found a staircase to the Elven Halls.
 14543 | Orc:4    | Found Cojimaj's Antique Armour Shoppe.
 14551 | Orc:4    | Bought a pair of encrusted gloves for 332 gold pieces
 14554 | Orc:4    | Identified the cursed +0 pair of gloves of the Abyss {rF+} (You bought it in a shop on level 4 of the Orcish Mines)
 14643 | Orc:4    | Noticed an orc warlord
 14704 | Orc:4    | Reached skill level 5 in Invocations
 14705 | Orc:4    | Found Withrypp's Book Shoppe.
 14722 | Orc:4    | Paralysed by an orc sorcerer for 4 turns
 15044 | Orc:4    | Killed an orc warlord
 15094 | Elf:1    | Entered Level 1 of the Elven Halls
 15109 | Elf:1    | Reached skill level 13 in Axes
 15200 | Elf:1    | You fall through a shaft!
 15207 | Elf:3    | Entered Level 3 of the Elven Halls
 15333 | Elf:3    | Found Yxzen's Gadget Shop.
 15338 | Elf:3    | Bought a phial of floods for 640 gold pieces
 15354 | Elf:3    | Noticed Norris
 15418 | Elf:3    | Paralysed by Norris for 2 turns
 15435 | Elf:3    | Killed from afar by Norris

Action                   |  1- 3 |  4- 6 |  7- 9 | 10-12 | 13-15 || total
-------------------------+-------+-------+-------+-------+-------++-------
Melee: Crossbow          |     2 |     1 |       |     2 |       ||     5
       Whip              |       |    18 |    73 |       |       ||    91
       Cutlass           |       |       |   167 |       |       ||   167
       Short sword       |       |       |    22 |       |       ||    22
       Executioner's axe |       |       |    48 |    47 |       ||    95
       Battleaxe         |       |       |       |   510 |  1160 ||  1670
 Fire: Crossbow          |    41 |    90 |    66 |   356 |    23 ||   576
       Blowgun           |       |       |       |       |    23 ||    23
 Abil: Evoke Invisibilit |       |       |       |       |     2 ||     2
       Turn Visible      |       |       |       |       |     2 ||     2
Evoke: Wand              |       |       |     3 |    19 |    14 ||    36
       Phial of floods   |       |       |       |     1 |     3 ||     4
  Use: Scroll            |       |       |    20 |    13 |    19 ||    52
       Potion            |       |       |     1 |     2 |    11 ||    14
 Stab: Paralysed         |       |       |       |     9 |     3 ||    12
       Invisible         |       |       |       |       |     2 ||     2
